[Event "ICC tourney 1980 (3 2)"]
[Site "Internet Chess Club"]
[Date "2020.08.28"]
[Round "3"]
[White "Tombstone"]
[Black "londonkid"]
[Result "0-1"]
[ICCResult "White checkmated"]
[WhiteElo "1624"]
[BlackElo "1859"]
[Opening "Queen's Indian: Capablanca variation"]
[ECO "E16"]
[NIC "QI.06"]
[Time "20:26:46"]
[TimeControl "180+2"]

1. d4 Nf6 2. c4 e6 3. Nf3 b6 4. g3 Bb7 5. Bg2 Bb4+ 6. Nbd2 O-O 7. O-O Bxd2
8. Bxd2 d6 9. Bg5 Nbd7 10. Qc2 h6 11. Bxf6 Nxf6 12. Rfe1 Be4 13. Qc1 Qe7 14.
Nd2 Bxg2 15. Kxg2 e5 16. d5 e4 17. e3 Nh7 18. h4 f5 19. Nb3 Rf6 20. Nd4 g5
21. Rh1 f4 22. hxg5 f3+ 23. Kf1 hxg5 24. Ke1 g4 25. Kd2 Ng5 26. Rh5 Nh3 27.
Qf1 Qf7 28. Rh4 Rg6 29. Qe1 Kg7 30. Kc2 Rh8 31. Rxh8 Kxh8 32. Qd2 Qg7 33.
Rh1 Kg8 34. Ne6 Qd7 35. b3 Rxe6 36. dxe6 Qxe6 37. Rh2 c6 38. Qd4 d5 39. cxd5
cxd5 40. Kd2 Qc6 41. Qc3 Qb5 42. Kc2 Qe2+ 43. Qd2 Qb5 44. Kb2 a5 45. a4 Qc5
46. Rh1 Kf7 47. Rc1 Qd6 48. Rc2 Qf6+ 49. Ka2 Qd6 50. Qd4 Ng1 51. Rd2 Ne2 52.
Qxd5+ Qxd5 53. Rxd5 Nc3+ 54. Kb2 Nxd5 55. Kc2 Nxe3+ 56. fxe3 f2 57. Kd2 f1=Q
58. Kc3 Qd3+ 59. Kb2 Qxe3 60. Kc2 Qxg3 61. Kd2 Qf2+ 62. Kd1 e3 63. Kc1 e2
64. Kc2 e1=Q+ 65. Kd3 Qee3+ 66. Kc4 Qff4+ 67. Kb5 Qxb3+ 68. Ka6 Qfc4+ 69.
Ka7 Qc7+ 70. Ka8 Qd5# {White checkmated} 0-1

[Event "ICC tourney 1980 (3 2)"]
[Site "Internet Chess Club"]
[Date "2020.08.28"]
[Round "3"]
[White "Venom2020"]
[Black "JosephLevine"]
[Result "1/2-1/2"]
[ICCResult "Game drawn by repetition"]
[WhiteElo "1886"]
[BlackElo "1686"]
[Opening "French: Tarrasch, closed variation"]
[ECO "C05"]
[NIC "FR.17"]
[Time "20:26:47"]
[TimeControl "180+2"]

1. e4 e6 2. d4 d5 3. Nd2 Nf6 4. e5 Nfd7 5. Bd3 c5 6. c3 Nc6 7. Ne2 Qb6 8.
Nf3 cxd4 9. cxd4 f6 10. exf6 Nxf6 11. O-O Bd6 12. b3 e5 13. dxe5 Nxe5 14.
Nxe5 Bxe5 15. Rb1 O-O 16. Bf4 Bxf4 17. Nxf4 Ng4 18. Nxd5 Qd6 19. g3 Bf5 20.
Bxf5 Rxf5 21. Qxg4 Rxd5 22. Rfe1 Rd8 23. Re3 Rd1+ 24. Rxd1 Qxd1+ 25. Qxd1
Rxd1+ 26. Kg2 Rd2 27. Re7 Rxa2 28. Rxb7 a5 29. Ra7 Rb2 30. Rxa5 Rxb3 31. Ra7
Rb2 32. h4 h6 33. g4 Kh7 34. h5 Rb3 35. f3 Rb2+ 36. Kg3 Rb3 37. Re7 Ra3 38.
Kf4 Ra4+ 39. Re4 Ra8 40. Re7 Ra4+ 41. Kg3 Ra3 42. Kf4 Ra4+ 43. Kf5 Ra5+ 44.
Re5 Ra8 45. f4 Ra4 46. Re7 Ra5+ 47. Re5 Ra4 48. g5 hxg5 49. Kxg5 Ra1 50. Re7
Rg1+ 51. Kh4 Rh1+ 52. Kg4 Rg1+ 53. Kh4 Rh1+ 54. Kg5 Rg1+ 55. Kh4 Rh1+ 56.
Kg5 Rg1+ 57. Kh4 Rh1+ 58. Kg5 Rg1+ 59. Kh4 {Game drawn by repetition}
1/2-1/2

[Event "ICC tourney 1980 (3 2)"]
[Site "Internet Chess Club"]
[Date "2020.08.28"]
[Round "3"]
[White "Aleksandrov73"]
[Black "MasterZachary"]
[Result "1/2-1/2"]
[ICCResult "Game drawn by repetition"]
[WhiteElo "2233"]
[BlackElo "2182"]
[Opening "QGA: classical, 6...a6"]
[ECO "D27"]
[NIC "QG.07"]
[Time "20:26:46"]
[TimeControl "180+2"]

1. d4 d5 2. c4 dxc4 3. Nf3 a6 4. e3 Nf6 5. Bxc4 e6 6. O-O c5 7. dxc5 Bxc5 8.
Qxd8+ Kxd8 9. Be2 b6 10. Ne5 Ke7 11. Nd2 Bb7 12. Nd3 Bd6 13. Nc4 Bc7 14. b3
Rd8 15. Ba3+ Ke8 16. Rac1 Nc6 17. Rfd1 Ne7 18. Na5 Bxh2+ 19. Kxh2 bxa5 20.
Nc5 Rxd1 21. Rxd1 Bc8 22. e4 Nd7 23. f4 Nxc5 24. Bxc5 Bb7 25. Bf3 Rc8 26.
Bb6 f5 27. Re1 Rc2 28. a4 Rc3 29. Bxa5 Rxb3 30. Bc7 fxe4 31. Bxe4 Bxe4 32.
Rxe4 Kd7 33. Be5 Nf5 34. Rc4 Ra3 35. g4 Ne3 36. Rc7+ Kd8 37. Rxg7 Rxa4 38.
Kg3 h5 39. Rg8+ Ke7 40. gxh5 Nf5+ 41. Kf2 Ra2+ 42. Kf3 Ra3+ 43. Kf2 Rh3 44.
Rh8 Kf7 45. Rh7+ Kg8 46. Rh8+ Kf7 47. Kg2 Rh4 48. Rh7+ Kg8 49. Rh8+ Kf7 50.
Kf3 a5 51. Ke2 a4 52. Kd3 a3 53. Kc4 a2 54. Rh7+ Kg8 55. Rh8+ Kf7 56. Rh7+
Kg8 57. Rh8+ Kf7 {Game drawn by repetition} 1/2-1/2

[Event "ICC tourney 1980 (3 2)"]
[Site "Internet Chess Club"]
[Date "2020.08.28"]
[Round "3"]
[White "dopolian"]
[Black "tactics321"]
[Result "1-0"]
[ICCResult "Black checkmated"]
[WhiteElo "2088"]
[BlackElo "2216"]
[Opening "Sicilian"]
[ECO "B56"]
[NIC "SI.25"]
[Time "20:26:43"]
[TimeControl "180+2"]

1. e4 c5 2. Nf3 Nc6 3. d4 cxd4 4. Nxd4 Nf6 5. Nc3 d6 6. Be3 Ng4 7. Bb5 Nxe3
8. fxe3 Bd7 9. O-O e6 10. Bxc6 bxc6 11. e5 Be7 12. exd6 Bxd6 13. Qh5 O-O 14.
Ne4 Be7 15. Rad1 Qe8 16. Nf3 f5 17. Qxe8 Bxe8 18. Neg5 Rf6 19. Ne5 Rd8 20.
Ngf3 c5 21. Rxd8 Bxd8 22. Rd1 Bc7 23. Nd7 Rg6 24. Nxc5 Bb6 25. b4 Bc6 26.
Kf1 Bd5 27. a3 Rh6 28. Kg1 g5 29. Ne5 Bc7 30. Ncd7 Rh4 31. Nf6+ Kg7 32. Ne8+
Kf8 33. Nxc7 Be4 34. Rd8+ Ke7 35. Rd7+ Kf6 36. Nd3 Bc6 37. Ne8+ Kg6 38. Ne5+
Kh6 39. Nxc6 Rc4 40. Nd4 f4 41. exf4 gxf4 42. Nxe6 Rxc2 43. Nxf4 a6 44. Rd6+
Kg5 45. g3 h5 46. Rxa6 Kg4 47. Rd6 Rc1+ 48. Kf2 Rc2+ 49. Ne2 h4 50. Rd4+ Kf5
51. Rxh4 Ra2 52. b5 Rxa3 53. Rb4 Rb3 54. Rxb3 Kg4 55. b6 Kh3 56. b7 Kg4 57.
b8=Q Kh3 58. Qf4 Kxh2 59. Qh4# {Black checkmated} 1-0

[Event "ICC tourney 1980 (3 2)"]
[Site "Internet Chess Club"]
[Date "2020.08.28"]
[Round "3"]
[White "jx4"]
[Black "Xuanli28"]
[Result "1-0"]
[ICCResult "Black checkmated"]
[WhiteElo "1535"]
[BlackElo "1663"]
[Opening "King's Indian: Sämisch, double fianchetto variation"]
[ECO "E82"]
[NIC "KI.45"]
[Time "20:27:30"]
[TimeControl "180+2"]

1. d4 Nf6 2. c4 g6 3. Nc3 Bg7 4. e4 d6 5. f3 O-O 6. Be3 b6 7. Bd3 c5 8. Nge2
Nc6 9. d5 Ne5 10. O-O e6 11. Ng3 exd5 12. cxd5 Nxd3 13. Qxd3 a6 14. a4 Nd7
15. f4 h5 16. e5 dxe5 17. f5 h4 18. Nge4 Bb7 19. f6 Bh8 20. Bh6 Re8 21. Qh3
Nf8 22. Qxh4 Nh7 23. Rf3 b5 24. Rh3 Bxf6 25. Bg5 Nxg5 26. Nxg5 Bg7 27. Rf1
Re7 28. Qh7+ Kf8 29. Ne6+ Rxe6 30. dxe6 f6 31. Qxg6 Qe7 32. Rh7 Qxe6 33. Ne4
Bxe4 34. Qxe4 Ra7 35. h4 bxa4 36. h5 a3 37. bxa3 Rf7 38. h6 f5 39. hxg7+ Kg8
40. Qh4 Rxg7 41. Rxg7+ Kxg7 42. Qg5+ Kh8 43. Rxf5 e4 44. Rf8+ Kh7 45. Rf6
Qe7 46. Rh6# {Black checkmated} 1-0

[Event "ICC tourney 1980 (3 2)"]
[Site "Internet Chess Club"]
[Date "2020.08.28"]
[Round "3"]
[White "espark"]
[Black "helavir"]
[Result "0-1"]
[ICCResult "White checkmated"]
[WhiteElo "1783"]
[BlackElo "2200"]
[Opening "Caro-Kann: classical, Spassky variation"]
[ECO "B19"]
[NIC "CK.12"]
[Time "20:26:59"]
[TimeControl "180+2"]

1. e4 c6 2. d4 d5 3. Nc3 dxe4 4. Nxe4 Bf5 5. Ng3 Bg6 6. h4 h6 7. Nf3 Nd7 8.
h5 Bh7 9. Bd3 Bxd3 10. Qxd3 e6 11. Bd2 Ngf6 12. O-O-O Bd6 13. Ne4 Nxe4 14.
Qxe4 Nf6 15. Qe2 Bc7 16. Kb1 Qd5 17. Bc1 b5 18. Ne5 Qe4 19. Qxe4 Nxe4 20.
Be3 c5 21. Nd3 c4 22. Ne5 Nf6 23. c3 Nd5 24. Kc2 Ke7 25. b3 Bxe5 26. dxe5
Rhc8 27. Bd4 Rc6 28. Kb2 Rac8 29. b4 a5 30. a3 Ra6 31. Bc5+ Ke8 32. g3 Rca8
33. bxa5 Rxa5 34. Bd6 Kd7 35. Rh4 f5 36. Rhd4 Kc6 37. Kc2 R5a7 38. Kb2 g6
39. hxg6 Rg7 40. Rh1 Rxg6 41. Rdh4 Rh8 42. a4 Nb6 43. axb5+ Kxb5 44. Kc2 Ra8
45. Kb1 Na4 46. Bb4 Rh8 47. Kc2 Nb6 48. Ra1 Rd8 49. Rah1 Rg7 50. Rxh6 Ra7
51. Kb1 Rd2 52. Rxe6 Rda2 53. Kc1 Ra1+ 54. Kd2 Rxh1 55. Ke3 Nd5+ 56. Kd4
Rd1# {White checkmated} 0-1

[Event "ICC tourney 1980 (3 2)"]
[Site "Internet Chess Club"]
[Date "2020.08.28"]
[Round "3"]
[White "BMWHero"]
[Black "GGuseinov"]
[Result "0-1"]
[ICCResult "White resigns"]
[WhiteElo "2612"]
[BlackElo "2966"]
[Opening "Sicilian: Hungarian variation"]
[ECO "B27"]
[NIC "SI.43"]
[Time "20:26:48"]
[TimeControl "180+2"]

1. e4 c5 2. Nf3 g6 3. c3 d5 4. e5 Nc6 5. d4 cxd4 6. cxd4 Bg4 7. Bb5 Rc8 8.
O-O Qb6 9. Nc3 e6 10. Be3 Ne7 11. h3 Bxf3 12. Qxf3 Nf5 13. Rfd1 h5 14. Rac1
Be7 15. Qe2 a6 16. Bxc6+ Rxc6 17. b3 O-O 18. Na4 Qb5 19. Qe1 Bb4 20. Bd2 Ba3
21. Rxc6 Qxc6 22. Bc1 Be7 23. Bb2 Bg5 24. Bc1 Be7 25. Bb2 Rc8 26. Rc1 Qe8
27. Rxc8 Qxc8 28. Qc3 Qxc3 29. Nxc3 Kf8 30. Nd1 Ke8 31. Kf1 Kd7 32. g4 hxg4
33. hxg4 Nh6 34. f3 Bd8 35. Ke2 Ng8 36. Nf2 Bb6 37. Nh3 Bd8 38. Kd3 Ke8 39.
Bc1 Ne7 40. Bd2 Nc6 41. Ng1 Nxd4 42. Kxd4 Bb6+ 43. Kd3 Bxg1 44. g5 Kd7 45.
f4 Kc6 46. Be1 Bh2 47. Bd2 Bg1 48. Be1 Kb5 49. Bd2 Bf2 50. Bc3 b6 51. Bd2 a5
52. a3 a4 53. b4 Bg3 54. Be3 Be1 55. Bd4 Bxb4 56. axb4 Kxb4 57. Bxb6 Kb3 58.
Bd4 a3 59. Ba1 Ka2 60. Bd4 Kb1 61. Kd2 a2 62. Bc3 a1=Q 63. Bxa1 Kxa1 64. Kc3
Kb1 65. Kb4 Kc2 66. Kc5 Kd3 67. Kd6 Ke4 68. Ke7 Kxf4 69. Kxf7 Kf5
{White resigns}
0-1

[Event "ICC tourney 1980 (3 2)"]
[Site "Internet Chess Club"]
[Date "2020.08.28"]
[Round "3"]
[White "kralj8"]
[Black "Zwish"]
[Result "0-1"]
[ICCResult "White checkmated"]
[WhiteElo "1591"]
[BlackElo "1249"]
[Opening "Sicilian: Kan, 5.Nc3"]
[ECO "B43"]
[NIC "SI.44"]
[Time "20:26:42"]
[TimeControl "180+2"]

1. e4 c5 2. Nc3 e6 3. Nf3 a6 4. d4 cxd4 5. Nxd4 Qc7 6. a3 Nf6 7. Be3 b6 8.
Be2 Bb7 9. Bf3 d6 10. O-O Nbd7 11. Re1 Be7 12. Nb3 O-O 13. Qd2 Ne5 14. Qe2
Rac8 15. g3 Nxf3+ 16. Qxf3 d5 17. exd5 Nxd5 18. Nxd5 Bxd5 19. Qd1 Bxb3 20.
cxb3 b5 21. Rc1 Qb7 22. Qe2 Rxc1 23. Rxc1 Rc8 24. Qd2 Bf6 25. Rxc8+ Qxc8 26.
Bg5 Bxg5 27. Qxg5 h6 28. Qd2 Qc6 29. h3 Qe4 30. Qd8+ Kh7 31. Qd2 Qf3 32. Qe3
Qxe3 33. fxe3 Kg6 34. Kf2 Kf5 35. Kf3 g5 36. e4+ Ke5 37. Ke3 f5 38. exf5
exf5 39. a4 b4 40. h4 f4+ 41. gxf4+ gxf4+ 42. Kd3 Kf5 43. Ke2 Ke4 44. h5 a5
45. Kf2 f3 46. Kf1 Kf4 47. Kf2 Kg4 48. Kf1 Kxh5 49. Kg1 Kg4 50. Kf2 h5 51.
Kg1 Kg3 52. Kh1 h4 53. Kg1 f2+ 54. Kf1 h3 55. Ke2 Kg2 56. Kd3 f1=Q+ 57. Kd4
Qb1 58. Kc5 Qxb2 59. Kb5 Qxb3 60. Kxa5 Qa3 61. Kb5 b3 62. a5 b2 63. Ka6 b1=Q
64. Ka7 Qh7+ 65. Ka6 Qd6+ 66. Kb5 Qf5+ 67. Kc4 Qde6+ 68. Kb4 Qee4+ 69. Kc3
Qff3+ 70. Kd2 Qee2+ 71. Kc1 Qff1# {White checkmated} 0-1

[Event "ICC tourney 1980 (3 2)"]
[Site "Internet Chess Club"]
[Date "2020.08.28"]
[Round "3"]
[White "rjc64uk"]
[Black "harkerchess"]
[Result "1/2-1/2"]
[ICCResult "Black stalemated"]
[WhiteElo "1621"]
[BlackElo "1371"]
[Opening "Caro-Kann: two knights variation"]
[ECO "B11"]
[NIC "CK.01"]
[Time "20:26:46"]
[TimeControl "180+2"]

1. e4 c6 2. Nc3 d5 3. Nf3 dxe4 4. Nxe4 Nf6 5. Qe2 Nxe4 6. Qxe4 Qd5 7. Qf4
Qf5 8. Qa4 Qg4 9. Qxg4 Bxg4 10. Ne5 Be6 11. Be2 g6 12. O-O Bg7 13. d4 Nd7
14. f4 f6 15. Nd3 O-O 16. b3 Rac8 17. Bb2 c5 18. dxc5 Nxc5 19. Nxc5 Rxc5 20.
c4 Rc7 21. Rad1 Rd7 22. Bf3 b6 23. Rfe1 Kf7 24. Ba3 Rfd8 25. Bd5 Bxd5 26.
cxd5 f5 27. Re2 Bf6 28. Red2 e5 29. fxe5 Bxe5 30. g3 Bd6 31. Bb2 Bb4 32. Re2
Be7 33. Red2 Bg5 34. Rd3 Bf6 35. Bc1 h5 36. h4 Be5 37. Kg2 Bd6 38. Kf3 Be7
39. Bf4 Bd6 40. Bg5 Be7 41. Bc1 Bf8 42. Bb2 Bg7 43. Bc1 Bf6 44. Bf4 Be7 45.
Be5 Bd6 46. Kf4 Re7 47. Bxd6 Rxd6 48. Rd4 Kf6 49. R1d2 a5 50. Rd1 Rc7 51.
R1d2 Rc5 52. Rd1 Rc2 53. a3 Rc3 54. R1d3 Rc1 55. Re3 Rf1+ 56. Rf3 Ra1 57. a4
Re1 58. Rc3 Re7 59. Rc6 Rd7 60. Rdc4 Ke7 61. Rxd6 Rxd6 62. Rc6 Rxd5 63. Rxg6
b5 64. axb5 Rxb5 65. Ra6 Kf7 66. Kg5 Ke7 67. Kxh5 f4+ 68. Kg4 fxg3 69. Kxg3
Rxb3+ 70. Kg4 Rb4+ 71. Kg5 Rb5+ 72. Kg6 Rb4 73. h5 Rg4+ 74. Kf5 Rh4 75. Kg5
Rh1 76. Rxa5 Kf7 77. Ra6 Rg1+ 78. Kh6 Kg8 79. Ra8+ Kf7 80. Kh7 Rg7+ 81. Kh6
Rg1 82. Ra7+ Kg8 83. Ra6 Kh8 84. Rg6 Ra1 85. Rb6 Rg1 86. Rb8+ Rg8 87. Rxg8+
Kxg8 88. Kg6 Kh8 89. h6 Kg8 90. h7+ Kh8 91. Kh6 {Black stalemated} 1/2-1/2

[Event "ICC tourney 1980 (3 2)"]
[Site "Internet Chess Club"]
[Date "2020.08.28"]
[Round "4"]
[White "Joelpaulg"]
[Black "espark"]
[Result "0-1"]
[ICCResult "White resigns"]
[WhiteElo "1566"]
[BlackElo "1787"]
[Opening "Queen's pawn: London system"]
[ECO "A45"]
[NIC "QP.07"]
[Time "20:40:06"]
[TimeControl "180+2"]

1. d4 Nf6 2. Bf4 d5 3. Nc3 e6 4. e3 Bd6 5. Bg3 O-O 6. Bd3 a6 7. Nf3 b5 8.
O-O Bb7 9. Ne2 c5 10. c3 Nc6 11. Bxd6 Qxd6 12. Ng3 g6 13. Re1 e5 14. e4 dxe4
15. Nxe4 Nxe4 16. Bxe4 cxd4 17. cxd4 exd4 18. Nxd4 Qxd4 19. Bxc6 Qxd1 20.
Raxd1 Bxc6 {White resigns} 0-1

[Event "ICC tourney 1980 (3 2)"]
[Site "Internet Chess Club"]
[Date "2020.08.28"]
[Round "4"]
[White "WR3311"]
[Black "Tombstone"]
[Result "1-0"]
[ICCResult "Black checkmated"]
[WhiteElo "1553"]
[BlackElo "1568"]
[Opening "QGD semi-Slav"]
[ECO "D43"]
[NIC "SL.03"]
[Time "20:40:06"]
[TimeControl "180+2"]

1. c4 c6 2. d4 d5 3. Nf3 Nf6 4. Nc3 e6 5. cxd5 exd5 6. Bg5 Be7 7. e3 Bf5 8.
Bd3 Bg6 9. Bxg6 hxg6 10. Qc2 Nbd7 11. Rc1 Qa5 12. a3 Bd6 13. Qd2 Qb6 14. h3
Nf8 15. Qc2 Ne6 16. Bxf6 gxf6 17. O-O Kf8 18. b4 Kg7 19. Na4 Qc7 20. Nc5 Ng5
21. Nxg5 fxg5 22. Qe2 f5 23. Ne6+ Kf6 24. Nxc7 Bxc7 25. b5 g4 26. bxc6 gxh3
27. cxb7 hxg2 28. bxa8=Q gxf1=Q+ 29. Qxf1 Rxa8 30. Rxc7 Rh8 31. Qa6+ Kg5 32.
Qxa7 Rh4 33. Rh7 Rg4+ 34. Kf1 Re4 35. Qc7 Re6 36. Qd8+ Kg4 37. Qh4+ Kf3 38.
Qf4# {Black checkmated} 1-0

[Event "ICC tourney 1980 (3 2)"]
[Site "Internet Chess Club"]
[Date "2020.08.28"]
[Round "4"]
[White "BreatheChessAls"]
[Black "vedanta07"]
[Result "1-0"]
[ICCResult "Black resigns"]
[WhiteElo "1514"]
[BlackElo "1313"]
[Opening "Queen's pawn: London system"]
[ECO "A45"]
[NIC "QP.07"]
[Time "20:40:00"]
[TimeControl "180+2"]

1. d4 Nf6 2. Bf4 c5 3. e3 Nc6 4. c3 e6 5. Nd2 d5 6. Ngf3 c4 7. Be2 Bd7 8. h3
Be7 9. Qc2 O-O 10. O-O b5 11. Ne5 b4 12. e4 bxc3 13. bxc3 dxe4 14. Nxe4 Nxe4
15. Qxe4 Rc8 16. Nxd7 Qxd7 17. Bxc4 Nxd4 18. Bd3 Nf5 19. g4 Rxc3 20. Rad1
Rd8 21. Be2 Qc8 22. Rxd8+ Qxd8 23. gxf5 exf5 24. Qxf5 g6 25. Qg4 f5 26. Qg2
Rc2 27. Rd1 Qb6 28. Qd5+ Kf8 29. Bh6+ Ke8 30. Qg8+ {Black resigns} 1-0

[Event "ICC tourney 1980 (3 2)"]
[Site "Internet Chess Club"]
[Date "2020.08.28"]
[Round "4"]
[White "davika21"]
[Black "LChessMaster"]
[Result "1-0"]
[ICCResult "Black resigns"]
[WhiteElo "1600"]
[BlackElo "1590"]
[Opening "French: King's Indian attack"]
[ECO "C00"]
[NIC "FR.02"]
[Time "20:40:07"]
[TimeControl "180+2"]

1. e4 e6 2. d3 d5 3. Nd2 Nf6 4. Ngf3 dxe4 5. dxe4 Bc5 6. Bc4 O-O 7. O-O b6
8. h3 Bb7 9. Qe2 Nc6 10. c3 Qe7 11. e5 Nd7 12. Nb3 a6 13. Bg5 Qe8 14. Nxc5
Nxc5 15. Rad1 b5 16. Bd3 Nxd3 17. Rxd3 h6 18. Bh4 g5 19. Bg3 Rd8 20. Rfd1
Qe7 21. Nd4 Nxd4 22. cxd4 Qd7 23. Qh5 Qd5 24. f3 Kh7 25. h4 f6 26. exf6 Rxf6
27. Be5 Rg6 28. hxg5 Rxg5 29. Qf7+ {Black resigns} 1-0

[Event "ICC tourney 1980 (3 2)"]
[Site "Internet Chess Club"]
[Date "2020.08.28"]
[Round "4"]
[White "harkerchess"]
[Black "kralj8"]
[Result "1-0"]
[ICCResult "Black forfeits on time"]
[WhiteElo "1396"]
[BlackElo "1566"]
[Opening "QGD: 3.Nc3"]
[ECO "D31"]
[NIC "QP.08"]
[Time "20:40:02"]
[TimeControl "180+2"]

1. d4 d5 2. c4 e6 3. Nc3 Bb4 4. cxd5 exd5 5. Nf3 Nf6 6. g3 O-O 7. Bg2 Bf5 8.
O-O Nbd7 9. Qb3 Bxc3 10. bxc3 b6 11. Ne5 Nxe5 12. dxe5 Ne4 13. f3 Nc5 14.
Qa3 Re8 15. f4 Be4 16. Rd1 Bxg2 17. Kxg2 c6 18. c4 Qd7 19. cxd5 cxd5 20. Be3
Ne4 21. Qd3 Red8 22. Rac1 Rac8 23. Qxd5 Rxc1 24. Qxd7 Rxd1 25. Qxa7 Nc3 26.
Qc7 Nxe2 27. Kf2 Ng1 28. Qxb6 Rc8 29. Qb3 Ra1 30. Bd4 Rac1 31. e6
{Black forfeits on time}
1-0

[Event "ICC tourney 1980 (3 2)"]
[Site "Internet Chess Club"]
[Date "2020.08.28"]
[Round "4"]
[White "tactics321"]
[Black "Kokoro"]
[Result "0-1"]
[ICCResult "White forfeits on time"]
[WhiteElo "2187"]
[BlackElo "1842"]
[Opening "Grünfeld: modern exchange variation"]
[ECO "D85"]
[NIC "GI.04"]
[Time "20:40:16"]
[TimeControl "180+2"]

1. d4 Nf6 2. c4 g6 3. Nc3 d5 4. cxd5 Nxd5 5. e4 Nxc3 6. bxc3 Bg7 7. Nf3 c5
8. Rb1 Nc6 9. d5 Ne5 10. Nxe5 Bxe5 11. Bb5+ Bd7 12. c4 O-O 13. O-O Bc8 14.
Be3 Qc7 15. f4 Bg7 16. e5 Rd8 17. Qf3 Bf5 18. Rbd1 Qa5 19. g4 Bc8 20. f5
gxf5 21. gxf5 Bxe5 22. Bf4 Bf6 23. Kh1 Kh8 24. Rg1 a6 25. Bh6 axb5 26. Qg4
Qc3 27. Rd3 Qe5 28. Re3 Bxf5 29. Bg7+ Bxg7 {White forfeits on time} 0-1

[Event "ICC tourney 1980 (3 2)"]
[Site "Internet Chess Club"]
[Date "2020.08.28"]
[Round "4"]
[White "steinutz"]
[Black "ConnorGo"]
[Result "1-0"]
[ICCResult "Black resigns"]
[WhiteElo "1528"]
[BlackElo "1323"]
[Opening "Modern defense"]
[ECO "A40"]
[NIC "QO.17"]
[Time "20:40:03"]
[TimeControl "180+2"]

1. d4 g6 2. Bg5 Bg7 3. Nc3 Nc6 4. e3 d5 5. f4 Bf6 6. Nf3 Bg4 7. Bb5 a6 8.
Ba4 Bxg5 9. fxg5 Qd6 10. O-O O-O-O 11. Qd3 Bxf3 12. Rxf3 f6 13. Bxc6 Qxc6
14. b4 f5 15. b5 axb5 16. Nxb5 Qb6 17. a4 c6 18. Nc3 h6 19. Rb1 Qc7 20. Rh3
h5 21. Ne2 e5 22. c3 e4 23. Qc2 Ne7 24. Nf4 Qd6 25. c4 dxc4 26. Qxc4 Rd7 27.
a5 Kc7 28. a6 bxa6 29. Qxa6 Nc8 30. Qa5+ Nb6 31. Qxb6+ Kc8 32. Qa6+ Kd8 33.
Qa8+ Ke7 34. Qxh8 c5 35. Qe5+ Qxe5 36. dxe5 Rd2 37. Nxg6+ Kf7 38. Nf4 c4 39.
Rxh5 c3 40. Rh7+ Kg8 41. Rc7 c2 42. Rc1 Rd1+ 43. Kf2 Rxc1 44. Ne2 Rh1 45. h3
c1=Q 46. Rxc1 Rxc1 47. Nxc1 Kf7 48. Kg3 f4+ 49. Kxf4 {Black resigns} 1-0

[Event "ICC tourney 1980 (3 2)"]
[Site "Internet Chess Club"]
[Date "2020.08.28"]
[Round "4"]
[White "MrNormalName"]
[Black "Aleksandrov73"]
[Result "0-1"]
[ICCResult "White resigns"]
[WhiteElo "1909"]
[BlackElo "2237"]
[Opening "Catalan: open, 5.Nf3"]
[ECO "E04"]
[NIC "CA.03"]
[Time "20:40:35"]
[TimeControl "180+2"]

1. d4 Nf6 2. c4 e6 3. g3 d5 4. Bg2 dxc4 5. Nf3 Nc6 6. O-O Rb8 7. a4 a6 8. a5
b5 9. axb6 cxb6 10. Bg5 Be7 11. Nc3 O-O 12. e4 Bb7 13. e5 Nd5 14. Ne4 Bxg5
15. Nfxg5 h6 16. Nf3 a5 17. Nd6 Ba6 18. Re1 Ncb4 19. Re4 c3 20. Qc1 Nd3 21.
Qc2 cxb2 22. Rb1 Qd7 23. Bf1 Rfc8 24. Qd2 Rc1 25. Rxb2 Rxf1+ 26. Kxf1 Nxb2+
27. Kg2 Nc4 28. Nxc4 Bxc4 29. Rg4 Kh8 30. Rh4 f5 31. exf6 Nxf6 32. Ne5 Bd5+
33. f3 Qe8 34. g4 Kg8 35. g5 Nd7 36. gxh6 Nxe5 37. dxe5 Qf7 38. hxg7 Qxf3+
39. Kg1 Qh1+ 40. Kf2 Qg2+ 41. Ke1 Qxd2+ 42. Kxd2 Kxg7 43. Rh8 Rxh8
{White resigns}
0-1

[Event "ICC tourney 1980 (3 2)"]
[Site "Internet Chess Club"]
[Date "2020.08.28"]
[Round "4"]
[White "vyomvidy"]
[Black "MARMAYOGI11"]
[Result "1-0"]
[ICCResult "Black checkmated"]
[WhiteElo "1854"]
[BlackElo "1675"]
[Opening "Queen's pawn: Chigorin variation"]
[ECO "D00"]
[NIC "VO.15"]
[Time "20:40:02"]
[TimeControl "180+2"]

1. Nc3 d5 2. d4 Nf6 3. Bf4 Bf5 4. f3 e6 5. g4 Bg6 6. h4 h6 7. e3 Bd6 8. Nh3
a6 9. Bd3 Bxd3 10. Qxd3 Nc6 11. O-O-O Qe7 12. Bxd6 cxd6 13. Nf4 O-O-O 14. g5
Nd7 15. g6 f6 16. e4 dxe4 17. fxe4 e5 18. Nfd5 Qe8 19. dxe5 Ndxe5 20. Qe3
Qxg6 21. Qb6 Qf7 22. b4 Nc4 23. Qf2 Rhe8 24. Rhe1 b5 25. a4 bxa4 26. Qf1
N6e5 27. Rd4 Na3 28. Qxa6+ Qb7 29. Qxa4 Nac4 30. b5 Nb6 31. Nxb6+ Qxb6 32.
Nd5 Qb7 33. Re3 Kb8 34. Ra3 Rc8 35. Qa5 Rc5 36. Rda4 Kc8 37. Qa8+ Qxa8 38.
Rxa8+ Kd7 39. R3a7+ Ke6 40. Rxe8# {Black checkmated} 1-0

[Event "ICC tourney 1980 (3 2)"]
[Site "Internet Chess Club"]
[Date "2020.08.28"]
[Round "4"]
[White "TheHidingBishop"]
[Black "tangent"]
[Result "0-1"]
[ICCResult "White resigns"]
[WhiteElo "1645"]
[BlackElo "1891"]
[Opening "Catalan: closed"]
[ECO "E01"]
[NIC "CA.01"]
[Time "20:39:58"]
[TimeControl "180+2"]

1. d4 Nf6 2. c4 e6 3. g3 d5 4. Bg2 Bb4+ 5. Bd2 Be7 6. Qc2 O-O 7. Nf3 c6 8.
O-O b6 9. Bf4 Ba6 10. b3 Nbd7 11. Nbd2 Rc8 12. Rac1 c5 13. Qb2 cxd4 14. Nxd4
e5 15. cxd5 Rxc1 16. Rxc1 exf4 17. Nc6 Qe8 18. gxf4 Bc5 19. b4 Bxf2+ 20.
Kxf2 Qxe2+ 21. Kg1 Ng4 22. Nc4 Bxc4 23. Qxe2 Bxe2 24. Ne7+ Kh8 25. Rc7 Ndf6
26. Rxa7 h5 27. h3 Nh6 28. Kf2 Bc4 29. Rb7 b5 30. d6 Rd8 31. d7 Rxd7 32.
Rb8+ Kh7 33. Nc6 Nf5 34. a4 Rd2+ 35. Kg1 Ne3 36. axb5 Rxg2+ {White resigns}
0-1

[Event "ICC tourney 1980 (3 2)"]
[Site "Internet Chess Club"]
[Date "2020.08.28"]
[Round "4"]
[White "MasterZachary"]
[Black "BMWHero"]
[Result "1-0"]
[ICCResult "Black resigns"]
[WhiteElo "2212"]
[BlackElo "2582"]
[Opening "Sicilian: Richter-Rauzer, Larsen variation"]
[ECO "B60"]
[NIC "SI.27"]
[Time "20:40:03"]
[TimeControl "180+2"]

1. e4 c5 2. Nf3 Nc6 3. Nc3 d6 4. d4 cxd4 5. Nxd4 Nf6 6. Bg5 Bd7 7. Bxf6 gxf6
8. Qd2 Nxd4 9. Qxd4 Qa5 10. O-O-O Rc8 11. Kb1 Bg7 12. Nd5 Qc5 13. Qd2 f5 14.
exf5 Bxf5 15. Rc1 Be4 16. Nb4 Qb6 17. Bd3 Bg6 18. Rhe1 Bf6 19. c3 Qc5 20.
Bxg6 hxg6 21. Nd5 Kf8 22. Nxf6 exf6 23. Rcd1 Rxh2 24. Qf4 Rxg2 25. Qh6+ Kg8
26. Rh1 Qh5 27. Rxh5 gxh5 28. Qxf6 Rg6 29. Qh4 Rc5 30. Qd8+ Kg7 31. Rxd6 Rf5
32. Rxg6+ fxg6 33. Qd4+ Kh6 34. Qxa7 h4 35. Qe3+ Kh5 36. a4 g5 37. f3 h3 38.
Qe4 h2 39. Qg4+ Kg6 40. Qh3 Rf4 41. Qxh2 Rxf3 42. Qg2 Rf4 43. Qxb7 g4 44. a5
g3 45. a6 {Black resigns} 1-0

[Event "ICC tourney 1980 (3 2)"]
[Site "Internet Chess Club"]
[Date "2020.08.28"]
[Round "4"]
[White "GGuseinov"]
[Black "dopolian"]
[Result "1-0"]
[ICCResult "Black checkmated"]
[WhiteElo "2966"]
[BlackElo "2088"]
[Opening "Ruy Lopez: exchange, Gligoric variation"]
[ECO "C69"]
[NIC "RL.08"]
[Time "20:40:09"]
[TimeControl "180+2"]

1. e4 e5 2. Nf3 Nc6 3. Bb5 a6 4. Bxc6 dxc6 5. O-O f6 6. d4 exd4 7. Nxd4 c5
8. Nb3 Qxd1 9. Rxd1 Bg4 10. f3 Bd7 11. Bf4 O-O-O 12. Nc3 c4 13. Na5 b5 14.
a4 Bc5+ 15. Kh1 Ne7 16. axb5 axb5 17. b3 Bb4 18. Nd5 Nxd5 19. exd5 Bc3 20.
Ra2 Bxa5 21. Rxa5 Bc6 22. bxc4 Rhe8 23. Rda1 Bb7 24. Rxb5 c6 25. Rc5 Kd7 26.
dxc6+ Bxc6 27. Ra7+ Ke6 28. Rxc6+ Kf5 29. h3 Kxf4 30. Rxg7 f5 31. Rh6 Rd2
32. Rhxh7 Rxc2 33. Kh2 Rc8 34. Rh4+ Ke3 35. Kg3 Ra8 36. Re7+ Kd3 37. Rg7
Raa2 38. Kh2 Ke3 39. Rh8 Kf2 40. Rb8 Ra1 41. h4 Rxc4 42. Rb2+ Kf1 43. Kg3
Raa4 44. Rgb7 Rxh4 45. Rf2+ Ke1 46. Rb1# {Black checkmated} 1-0